 Dungeon Crawl Stone Soup version 0.29.1-12-g30fa7ad0bf (webtiles) character file.

Game seed: 10929975683261099066

364 BigDaddyOpFi the Covered (level 6, -3/51 HPs)
             Began as a Barachi Fighter on Jan 12, 2023.
             Slain by Duvessa
             ... wielding a +0 short sword
              (5 damage)
             ... on level 4 of the Dungeon.
             The game lasted 00:06:39 (4585 turns).

BigDaddyOpFi the Covered (Barachi Fighter)          Turns: 4585, Time: 00:06:40

Health: -3/51      AC:  9    Str: 19    XL:     6   Next: 67%
Magic:  6/6        EV:  9    Int:  8    God:
Gold:   220        SH:  5    Dex: 12    Spells: 5/5 levels left

rFire   . . .      SeeInvis .   a - +0 long sword
rCold   . . .      Faith    .   c - +0 buckler
rNeg    . . .      Spirit   .   b - +0 scale mail
rPois   .          Reflect  .   j - +0 helmet
rElec   .          Harm     .   (no cloak)
rCorr   .          Rampage  .   (no gloves)
Will    +....                   i - +0 pair of boots
Stlth   ..........              (no amulet)
HPRegen 0.17/turn               h - ring of wizardry
MPRegen 0.10/turn               l - ring of willpower

@: on berserk cooldown, slowed, very slow
A: amphibious, slowness 1, strong legs 1, +LOS, hooves 1, inability to read
after injury 1
a: Hop


You were on level 4 of the Dungeon.
You visited 1 branch of the dungeon, and saw 4 of its levels.

You collected 220 gold pieces.

Inventory:

Hand Weapons
 a - a +0 long sword (weapon)
Armour
 b - a +0 scale mail (worn)
 c - a +0 buckler (worn)
 i - a +0 pair of boots (worn)
 j - a +0 helmet (worn)
Jewellery
 h - a ring of wizardry (left hand)
 l - a ring of willpower (right hand)
Wands
 d - a wand of iceblast (8)
Scrolls
 e - a scroll of amnesia
 g - a scroll of poison {unknown}
 q - a scroll of identify
Potions
 f - 2 potions of curing
 k - a potion of heal wounds
 p - a potion of haste


   Skills:
 + Level 5.3 Fighting
 + Level 4.6 Long Blades
 + Level 5.3 Armour
 + Level 4.9 Shields


You had 5 spell levels left.
You didn't know any spells.
Your spell library contained the following spells:

 Spells                   Type           Power      Damage    Failure   Level
 Beastly Appendage        Tmut           0%         N/A       52%         1
 Sting                    Tmut/Pois      0%         1d3       52%         1
 Poisonous Vapours        Pois/Air       0%         N/A       65%         2
 Wereblood                Tmut           0%         N/A       65%         2
 Spider Form              Tmut/Pois      0%         N/A       86%         3
 Olgreb's Toxic Radiance  Pois           0%         N/A       99%         4


Dungeon Overview and Level Annotations

Branches:
Dungeon (4/15)
 Temple: D:4-7

Altars:

Annotations:
D:4 Duvessa


Innate Abilities, Weirdness & Mutations

You are amphibious.
You cover ground slowly.
You can hop short distances.
You have an extended range of vision and can be seen from far away.
You have large cloven feet.
You occasionally lose the ability to read scrolls when taking damage.


Message History

Duvessa hits you with a +0 short sword.
* * * LOW HITPOINT WARNING * * *
You block Duvessa's attack. Duvessa hits you but does no damage.
You feel much better.
You can read scrolls again.
Duvessa hits you with a +0 short sword! Duvessa hits you but does no damage.
You hit Duvessa.
Duvessa is almost dead.
Duvessa hits you with a +0 short sword. Duvessa closely misses you.
Duvessa barely misses you.
You hit Duvessa.
Duvessa is almost dead.
Duvessa hits you but does no damage. You block Duvessa's attack.
You hit Duvessa but do no damage.
Duvessa is almost dead.
Duvessa hits you with a +0 short sword!
You feel threatened and lose the ability to read scrolls!
* * * LOW HITPOINT WARNING * * *
You block Duvessa's attack. Duvessa hits you with a +0 short sword.
* * * LOW HITPOINT WARNING * * *
You feel much better.
You are ready to hop once more.
Duvessa barely misses you. Duvessa hits you with a +0 short sword.
You barely miss Duvessa.
Duvessa is almost dead.
You block Duvessa's attack. Duvessa completely misses you.
You block Duvessa's attack. Duvessa hits you with a +0 short sword.
Duvessa barely misses you.
You closely miss Duvessa.
Duvessa is almost dead.
Duvessa barely misses you. Duvessa hits you with a +0 short sword.
* * * LOW HITPOINT WARNING * * *
Okay, then.
You hit Duvessa.
Duvessa is almost dead.
You can read scrolls again.
Duvessa hits you with a +0 short sword!
* * * LOW HITPOINT WARNING * * *
Duvessa hits you with a +0 short sword.
You die...

##'###>##.######..##.)..........#
....#...#...................<...#
....'...#......................##
....#...#........<.....##..##..##
#..###.###+###....##...##..##....
######.###..###'####....#........
#....#.......+.....#....#........
.....#.......#.....#...##..##..##
.....#.......#..@..#...###+###'##
#....#(......#..e).#...# #....
#....+.....>.#.....'...'. #...)
#...###.###.###...##...## #....
#...###.###.###...##...# #....
#........................ #....
......................... #....
..#).###'###.#..#.##.## # ###..
###..###.########.# ###########'


You could see Duvessa (berserk).

Vanquished Creatures
  A phantom (D:3)
  Dowan (D:4)
  An orc priest (D:4)
  A hound (D:3)
  4 gnolls (D:3)
  4 adders
  8 dart slugs
  14 orcs
  4 bats
  5 endoplasms
  5 giant cockroaches
  5 goblins
  7 hobgoblins
  5 quokkas
  4 ball pythons
  2 frilled lizards (D:2)
  5 kobolds
  2 rats
78 creatures vanquished.

Notes
Turn   | Place    | Note
-------+----------+-------------------------------------------
     0 | D:1      | BigDaddyOpFi the Barachi Fighter began the quest for the
                  | Orb.
     0 | D:1      | Reached XP level 1. HP: 18/18 MP: 1/1
   438 | D:1      | Reached XP level 2. HP: 23/25 MP: 2/2
   532 | D:1      | You fall into a shaft and drop 1 floor!
   954 | D:2      | Reached XP level 3. HP: 27/30 MP: 3/3
  2277 | D:3      | Noticed a phantom
  2308 | D:3      | Killed a phantom
  2309 | D:3      | Reached XP level 4. HP: 13/38 MP: 4/4
  2309 | D:3      | Reached XP level 5. HP: 15/43 MP: 5/5
  3194 | D:3      | Gained mutation: You occasionally lose the ability to read
                  | scrolls when taking damage. [potion of mutation]
  3194 | D:3      | Gained mutation: You have large cloven feet. [potion of
                  | mutation]
  3804 | D:3      | Reached skill level 5 in Armour
  3844 | D:4      | Reached XP level 6. HP: 40/50 MP: 6/6
  3946 | D:4      | Reached skill level 5 in Fighting
  4559 | D:4      | Noticed Duvessa
  4560 | D:4      | Noticed Dowan
  4566 | D:4      | Killed Dowan
  4585 | D:4      | HP: 2/51 [Duvessa/+0 short sword (11)]
  4585 | D:4      | Slain by Duvessa

Illustrated notes

Levels and vault maps discovered:
D:1:      wheals_arrival_linesprint, layout_loops_ring
D:2:      layout_rooms, hangedman_abyss_or_decor_stabs,
          chequers_decorated_corner, minmay_pentomino_z2
D:3:      layout_basic, hex_intersection
D:4:      layout_gridville, uniq_duvessa

Skill      XL: |  1  2  3  4  5  6 |
---------------+-------------------+-----
Fighting       | 4 5 |  5.3
Long Blades    | 3 4 |  4.6
Armour         | 4 5 |  5.3
Shields        | 4 |  4.9

Action                   |  1- 3 |  4- 6 || total
-------------------------+-------+-------++-------
Melee: Long sword        |   145 |   189 ||   334
 Abil: Hop               |    12 |     9 ||    21
  Use: Scroll            |     2 |     4 ||     6
       Potion            |     1 |     8 ||     9
Armor: Scale mail        |    97 |   131 ||   228
Dodge: Dodged            |    97 |   120 ||   217
Block: Buckler           |    51 |    63 ||   114
